 Dungeon Crawl Stone Soup version 0.14-a0-155-gd989017 (webtiles) character file.

134 Malachi the Charmwright (level 4, -2/26 HPs)
             Began as a Gargoyle Skald on Oct 4, 2013.
             Slain by an adder (3 damage)
             ... on Level 2 of the Dungeon.
             The game lasted 00:02:46 (1909 turns).

Malachi the Charmwright (Gargoyle Skald)            Turns: 1909, Time: 00:02:46

HP  -2/26        AC  6     Str 15      XL: 4   Next: 12%
MP   7/8         EV 10     Int 14      God:
Gold 70          SH  0     Dex  9      Spells:  2 memorised,  4 levels left

Res.Fire  : . . .   See Invis. : .   a - +0 mace
Res.Cold  : . . .   Warding    : .   b - +0 leather armour
Life Prot.: + . .   Conserve   : .   (no shield)
Res.Poison: +       Res.Corr.  : .   (no helmet)
Res.Elec. : +       Clarity    : .   (no cloak)
Sust.Abil.: . .     Spirit.Shd : .   (no gloves)
Res.Mut.  : .       Stasis     : .   (no boots)
Res.Rott. : +       Flight     : .   (no amulet)
Saprovore : . . .                    (no ring)
                                     (no ring)

@: slightly resistant to hostile enchantments, very unstealthy
A: fangs 1, talons 2, life protection 1, electricity resistance, slow metabolism
1, unbreathing, petrification resistance, AC +3
a: no special abilities


You were on level 2 of the Dungeon.
You were hungry.

You visited 1 branch of the dungeon, and saw 3 of its levels.

You collected 50 gold pieces.

Inventory:

Hand weapons
 a - a +0,+0 mace (weapon)
Armour
 b - a +0 leather armour (worn)
Comestibles
 d - 2 bread rations
 k - a pear
Scrolls
 f - a scroll of enchant armour {unknown}
 h - a scroll of recharging {unknown}
 i - a scroll of identify {unknown}
 j - a scroll of enchant weapon II {unknown}
Jewellery
 m - a +3 ring of protection {unknown}
 n - an uncursed amulet of resist corrosion {unknown}
Potions
 e - a potion of resistance {unknown}
 g - a potion of flight {unknown}
 l - a potion of speed {unknown}
Books
 c - a book of Battle

   Spells                             Type                      Level
   *Infusion                          Charms                       1
   Shroud of Golubria                 Charms/Translocation         2
   *Song of Slaying                   Charms                       2
   Spectral Weapon                    Hexes/Charms                 3
   Regeneration                       Charms/Necromancy            3
   Song of Shielding                  Charms                       4


   Skills:
 + Level 2.5 Fighting
 * Level 2.8 Maces & Flails
 - Level 1.2 Armour
 + Level 1.4 Dodging
 - Level 2.3 Spellcasting
 + Level 3.3 Charms


You had 4 spell levels left.
You knew the following spells:

 Your Spells              Type           Power        Failure   Level  Hunger
a - Infusion              Chrm           ##....       10%         1    #......
b - Song of Slaying       Chrm           ##........   12%         2    ###....


Dungeon Overview and Level Annotations

Branches:
Dungeon (3/27)

Altars:


Innate Abilities, Weirdness & Mutations

You are resistant to torment.
You are immune to poison.
Your stone body is very resilient (AC +3).
You have very sharp teeth.
You have razor-sharp toenails.
You resist negative energy.
You are resistant to electric shocks.
You have a slow metabolism.
You can survive without breathing.
You are immune to petrification.


Message History

* * * LOW HITPOINT WARNING * * *
The adder barely misses you.
You climb upwards.
There is a stone staircase leading down here.
Unknown command.
You closely miss the adder. Your kick misses the adder.
The adder is severely wounded.
The bat hits you but does no damage. The adder misses you.
The adder completely misses you.
You closely miss the adder. Your kick misses the adder.
The adder is severely wounded.
Your song has ended.
The bat misses you. The adder bites you.
* * * LOW HITPOINT WARNING * * *
You hit the adder.
The adder is almost dead.
The bat hits you.
* * * LOW HITPOINT WARNING * * *
The adder bites you.
You die...

#.# #.# #..# #.#
#.###..# ##'## #......#
##...## #####.##
##.....## ##.#.#
##.......######.).####
##.........##.........#
.'.........+.......##.#
##.........##.#b@.###.#
##.......###.##S...#.#
##.....## #.#####.#.#
##...## #.#####.#.#
##+## #.........# #.#
#######.### #.# ###.###
#####.##### #.....#
#.........######.....#


You could see an adder and a bat.

Vanquished Creatures
  3 adders
  3 giant geckos
  A ball python (D:2)
  5 goblins
  4 hobgoblins
  A jackal (D:1)
  4 bats
  A giant cockroach (D:1)
  A giant newt (D:2)
  10 kobolds
  7 rats
40 creatures vanquished.

Notes
Turn   | Place    | Note
--------------------------------------------------------------
     0 | D:1      | Malachi, the Gargoyle Skald, began the quest for the Orb.
     0 | D:1      | Reached XP level 1. HP: 12/12 MP: 3/3
   440 | D:1      | Reached XP level 2. HP: 16/16 MP: 5/5
   586 | D:1      | Reached skill level 3 in Charms
  1065 | D:2      | Reached skill level 1 in Dodging
  1065 | D:2      | Reached XP level 3. HP: 20/20 MP: 6/6
  1347 | D:2      | Learned a level 2 spell: Song of Slaying
  1900 | D:3      | Reached XP level 4. HP: 11/26 MP: 6/8
  1909 | D:2      | HP: 1/26 [bat (1)]
  1909 | D:2      | Slain by an adder

Action                   |  1- 3 |  4- 6 || total
-------------------------+-------+-------++-------
Melee: Mace              |   112 |     7 ||   119
 Cast: Song of Slaying   |     2 |       ||     2
